[ AOE2 MATCH · #507284342 ]
UnrankedBulgarians vs Franks
Player's team · WIN
Rival team · LOSS
[ REPLAY ANALYSIS · EXTRACTED FROM THE RECORDED GAME ]
Feudal
13:41
Castle
20:32
Imperial
—
| APM avg | 43.4 |
| APM peak | 108 |
| eAPM avg | 18.9 |
| Villagers / military | 34 / 13 |
Focus
⚔️ 32.7% · 🌾 67.3%
Militia ×13
Feudal
9:04
Castle
—
Imperial
—
| APM avg | 58.1 |
| APM peak | 90 |
| eAPM avg | 16.3 |
| Villagers / military | 41 / 17 |
Focus
⚔️ 32.2% · 🌾 67.8%
Archer ×12 · Scout Cavalry ×4 · Spearman ×1
Match map
Initial resources + every placement click. Lines = walls · curves = elevation contours. ◆ gold · ⬟ stone · ● berries · ✦ relic · ◌ wall gap
Your base· Open — 11t gap
CALF-PICO's base· Open — unwalled flank
Smoothed initial terrain · ◌ = detected wall gap · hover for details
Inputs per minute
— JeanLuc Petard - - CALF-PICO
Build order — JeanLuc Petard
91 actions detected in the replay
| 0:00 | Queue | Villager (Male) |
| 0:00 | Queue | Villager (Male) |
| 0:00 | Queue | Villager (Male) |
| 0:01 | Queue | Villager (Male) |
| 0:02 | Build | House |
| 0:03 | Build | House |
| 1:17 | Queue | Villager (Male) |
| 2:03 | Queue | Villager (Male) |
| 2:31 | Build | House |
| 2:33 | Queue | Villager (Male) |
| 2:49 | Queue | Villager (Male) |
| 2:50 | Queue | Villager (Male) |
| 3:17 | Build | Mill |
| 3:22 | Build | Barracks |
| 3:27 | Queue | Villager (Male) |
| 3:28 | Queue | Villager (Male) |
| 3:28 | Queue | Villager (Male) |
| 4:13 | Queue | Villager (Male) |
| 4:13 | Queue | Villager (Male) |
| 4:18 | Queue | Militia |
| 4:18 | Queue | Militia |
| 4:42 | Queue | Villager (Male) |
| 4:42 | Queue | Villager (Male) |
| 5:12 | Queue | Militia |
| 5:13 | Queue | Militia |
| 5:20 | Build | House |
| 5:33 | Build | House |
| 5:41 | Build | House |
| 5:46 | Queue | Villager (Male) |
| 5:46 | Queue | Villager (Male) |
| 5:47 | Queue | Villager (Male) |
| 5:50 | Build | House |
| 6:03 | Build | Palisade Wall |
| 6:08 | Build | Palisade Wall |
| 6:47 | Queue | Militia |
| 7:08 | Build | House |
| 7:13 | Build | House |
| 7:18 | Queue | Militia |
| 7:29 | Build | Mill |
| 7:40 | Queue | Villager (Male) |
| 8:10 | Queue | Villager (Male) |
| 8:25 | Build | Lumber Camp |
| 8:28 | Queue | Villager (Male) |
| 8:28 | Queue | Villager (Male) |
| 8:28 | Queue | Villager (Male) |
| 8:28 | Queue | Villager (Male) |
| 8:46 | Build | Palisade Wall |
| 9:00 | Queue | Villager (Male) |
| 9:00 | Queue | Villager (Male) |
| 9:00 | Queue | Villager (Male) |
| 9:43 | Queue | Villager (Male) |
| 9:54 | Build | House |
| 10:09 | Build | House |
| 10:12 | Build | Palisade Wall |
| 10:56 | Build | Palisade Wall |
| 11:04 | Research | Loom |
| 11:29 | Build | Mining Camp |
| 11:31 | Research | Feudal Age |
| 11:41 | Build | House |
| 12:26 | Build | Mining Camp |
| 12:28 | Build | Farm |
| 12:57 | Build | Palisade Wall |
| 13:41 | Queue | Villager (Male) |
| 13:41 | Age | Feudal Age |
| 13:47 | Build | Farm |
| 13:48 | Build | Farm |
| 14:01 | Build | Watch Tower |
| 14:10 | Build | Farm |
| 14:11 | Queue | Villager (Male) |
| 14:57 | Queue | Villager (Male) |
| 15:06 | Build | Farm |
| 15:20 | Queue | Villager (Male) |
| 15:41 | Build | Market |
| 15:59 | Queue | Villager (Male) |
| 16:02 | Build | Farm |
| 16:32 | Build | Farm |
| 16:33 | Build | Farm |
| 16:58 | Build | Blacksmith |
| 17:24 | Build | Farm |
| 17:52 | Research | Castle Age |
| 17:56 | Build | Farm |
| 18:21 | Queue | Militia |
| 18:22 | Queue | Militia |
| 19:09 | Queue | Militia |
| 19:14 | Queue | Militia |
| 19:14 | Queue | Militia |
| 19:44 | Queue | Militia |
| 20:32 | Age | Castle Age |
| 20:32 | Queue | Militia |
| 20:41 | Build | Krepost |
| 20:52 | Build | Krepost |
Build order — CALF-PICO
100 actions detected in the replay
| 0:01 | Queue | Villager (Male) |
| 0:01 | Queue | Villager (Male) |
| 0:03 | Build | House |
| 0:04 | Build | House |
| 0:05 | Queue | Villager (Male) |
| 0:05 | Queue | Villager (Male) |
| 1:23 | Queue | Villager (Male) |
| 1:45 | Queue | Villager (Male) |
| 1:45 | Queue | Villager (Male) |
| 2:29 | Queue | Villager (Male) |
| 2:29 | Queue | Villager (Male) |
| 2:30 | Queue | Villager (Male) |
| 2:30 | Queue | Villager (Male) |
| 2:36 | Build | Lumber Camp |
| 3:06 | Build | House |
| 3:34 | Queue | Villager (Male) |
| 3:35 | Queue | Villager (Male) |
| 3:35 | Queue | Villager (Male) |
| 3:37 | Queue | Villager (Male) |
| 3:37 | Queue | Villager (Male) |
| 3:55 | Queue | Villager (Male) |
| 3:55 | Queue | Villager (Male) |
| 4:34 | Queue | Villager (Male) |
| 4:34 | Queue | Villager (Male) |
| 5:08 | Research | Loom |
| 5:59 | Build | Mining Camp |
| 6:15 | Queue | Villager (Male) |
| 6:28 | Queue | Villager (Male) |
| 6:51 | Research | Feudal Age |
| 6:51 | Research | Feudal Age |
| 6:51 | Research | Feudal Age |
| 7:23 | Build | House |
| 7:26 | Build | Palisade Wall |
| 7:28 | Build | Palisade Wall |
| 7:32 | Build | House |
| 7:35 | Build | Palisade Wall |
| 7:49 | Build | Palisade Wall |
| 7:53 | Build | Palisade Wall |
| 7:58 | Build | House |
| 8:23 | Queue | Villager (Male) |
| 8:45 | Build | Barracks |
| 9:04 | Age | Feudal Age |
| 9:15 | Queue | Villager (Male) |
| 9:27 | Queue | Villager (Male) |
| 9:35 | Build | Archery Range |
| 10:00 | Queue | Spearman |
| 10:21 | Queue | Archer |
| 10:43 | Queue | Archer |
| 10:51 | Queue | Villager (Male) |
| 11:13 | Queue | Archer |
| 11:25 | Queue | Archer |
| 12:33 | Queue | Archer |
| 12:42 | Queue | Villager (Male) |
| 12:44 | Queue | Archer |
| 12:50 | Queue | Villager (Male) |
| 13:10 | Queue | Archer |
| 13:13 | Queue | Villager (Male) |
| 13:22 | Build | Mill |
| 13:38 | Queue | Villager (Male) |
| 13:45 | Build | Farm |
| 13:46 | Queue | Villager (Male) |
| 13:51 | Build | Farm |
| 13:52 | Build | Farm |
| 13:53 | Build | Farm |
| 13:56 | Build | Farm |
| 14:08 | Queue | Villager (Male) |
| 14:17 | Queue | Archer |
| 14:19 | Queue | Villager (Male) |
| 14:25 | Build | Stable |
| 14:46 | Queue | Villager (Male) |
| 14:54 | Build | House |
| 14:59 | Build | House |
| 15:22 | Queue | Scout Cavalry |
| 15:50 | Queue | Scout Cavalry |
| 15:52 | Queue | Villager (Male) |
| 15:55 | Build | Farm |
| 15:58 | Build | Farm |
| 15:59 | Build | Farm |
| 16:12 | Queue | Scout Cavalry |
| 17:02 | Queue | Villager (Male) |
| 17:07 | Build | Mining Camp |
| 17:29 | Queue | Villager (Male) |
| 17:32 | Queue | Villager (Male) |
| 17:36 | Build | Farm |
| 17:40 | Build | Farm |
| 17:41 | Build | Farm |
| 18:34 | Build | Watch Tower |
| 19:08 | Queue | Scout Cavalry |
| 19:30 | Build | Watch Tower |
| 19:33 | Queue | Archer |
| 19:45 | Queue | Archer |
| 20:00 | Queue | Archer |
| 20:19 | Queue | Archer |
| 20:32 | Build | Watch Tower |
| 20:34 | Build | Palisade Wall |
| 20:42 | Build | House |
| 20:50 | Build | House |
| 20:57 | Queue | Villager (Male) |
| 20:57 | Queue | Villager (Male) |
| 20:57 | Queue | Villager (Male) |
Match timeline
| 3:22 | JeanLuc Petard · first_building Barracks |
| 6:03 | JeanLuc Petard · wall_segment Palisade Wall x1 |
| 6:08 | JeanLuc Petard · wall_segment Palisade Wall x1 |
| 7:26 | CALF-PICO · wall_segment Palisade Wall x1 |
| 7:28 | CALF-PICO · wall_segment Palisade Wall x1 |
| 7:35 | CALF-PICO · wall_segment Palisade Wall x1 |
| 7:49 | CALF-PICO · wall_segment Palisade Wall x1 |
| 7:53 | CALF-PICO · wall_segment Palisade Wall x1 |
| 8:45 | CALF-PICO · first_building Barracks |
| 8:46 | JeanLuc Petard · wall_segment Palisade Wall x1 |
| 9:04 | CALF-PICO · age_up feudal |
| 9:35 | CALF-PICO · first_building Archery Range |
| 10:12 | JeanLuc Petard · wall_segment Palisade Wall x4 |
| 10:56 | JeanLuc Petard · wall_segment Palisade Wall x4 |
| 12:57 | JeanLuc Petard · wall_segment Palisade Wall x10 |
| 13:41 | JeanLuc Petard · age_up feudal |
| 14:25 | CALF-PICO · first_building Stable |
| 17:48 | JeanLuc Petard · first_market_sell 500 wood |
| 17:49 | JeanLuc Petard · first_market_buy 100 food |
| 20:32 | JeanLuc Petard · age_up castle |
| 20:34 | CALF-PICO · wall_segment Palisade Wall x1 |
| 20:41 | JeanLuc Petard · first_building Krepost |
| 21:41 | CALF-PICO · resign |
[ AI ANALYSIS · 1 CREDIT ]
What really happened in this match?
Wolo.gg analyzes every decision: build order, eco, micro, common mistakes by bracket. Personalized analysis on WhatsApp or Discord in 30 seconds.
Civ guide
Bulgarians
Perfil
Jugador #21755138